Workbook
Name l_catégories: Tableau5[[Catégories ]]

Sheet Analyse par mois
A1: Analyse par mois
B3: Janvier | C3: Février | D3: Mars | E3: Avril | F3: Mai | G3: Juin | H3: Juillet | I3: Août | J3: Septembre | K3: Octobre | L3: Novembre | M3: Décembre | N3: TOTAL
A4: Revenus | B4: =SUMIF(Tableau1[[Mois]:[Mois]],'Analyse par mois'!B3,Tableau1[[Revenus]:[Revenus]]) -> 0 | C4: =SUMIF(Tableau1[[Mois]:[Mois]],'Analyse par mois'!C3,Tableau1[[Revenus]:[Revenus]]) -> 0 | D4: =SUMIF(Tableau1[[Mois]:[Mois]],'Analyse par mois'!D3,Tableau1[[Revenus]:[Revenus]]) -> 0 | E4: =SUMIF(Tableau1[[Mois]:[Mois]],'Analyse par mois'!E3,Tableau1[[Revenus]:[Revenus]]) -> 0 | F4: =SUMIF(Tableau1[[Mois]:[Mois]],'Analyse par mois'!F3,Tableau1[[Revenus]:[Revenus]]) -> 0 | G4: =SUMIF(Tableau1[[Mois]:[Mois]],'Analyse par mois'!G3,Tableau1[[Revenus]:[Revenus]]) -> 0 | H4: =SUMIF(Tableau1[[Mois]:[Mois]],'Analyse par mois'!H3,Tableau1[[Revenus]:[Revenus]]) -> 0 | I4: =SUMIF(Tableau1[[Mois]:[Mois]],'Analyse par mois'!I3,Tableau1[[Revenus]:[Revenus]]) -> 2000 | ... M4: =SUMIF(Tableau1[[Mois]:[Mois]],'Analyse par mois'!M3,Tableau1[[Revenus]:[Revenus]]) -> 0 | N4: ='Journal d''enregistrement'!F2 -> 2500
A5: Dépenses | B5: =SUMIF(Tableau1[[Mois]:[Mois]],'Analyse par mois'!B3,Tableau1[[Dépenses]:[Dépenses]]) -> 0 | C5: =SUMIF(Tableau1[[Mois]:[Mois]],'Analyse par mois'!C3,Tableau1[[Dépenses]:[Dépenses]]) -> 0 | D5: =SUMIF(Tableau1[[Mois]:[Mois]],'Analyse par mois'!D3,Tableau1[[Dépenses]:[Dépenses]]) -> 0 | E5: =SUMIF(Tableau1[[Mois]:[Mois]],'Analyse par mois'!E3,Tableau1[[Dépenses]:[Dépenses]]) -> 0 | F5: =SUMIF(Tableau1[[Mois]:[Mois]],'Analyse par mois'!F3,Tableau1[[Dépenses]:[Dépenses]]) -> 0 | G5: =SUMIF(Tableau1[[Mois]:[Mois]],'Analyse par mois'!G3,Tableau1[[Dépenses]:[Dépenses]]) -> 0 | H5: =SUMIF(Tableau1[[Mois]:[Mois]],'Analyse par mois'!H3,Tableau1[[Dépenses]:[Dépenses]]) -> 0 | I5: =SUMIF(Tableau1[[Mois]:[Mois]],'Analyse par mois'!I3,Tableau1[[Dépenses]:[Dépenses]]) -> 3066.17 | ... M5: =SUMIF(Tableau1[[Mois]:[Mois]],'Analyse par mois'!M3,Tableau1[[Dépenses]:[Dépenses]]) -> 0 | N5: ='Journal d''enregistrement'!G2 -> 3066.17
A7: Ecart mensuel | B7: =B4-B5 -> 0 | C7: =C4-C5 -> 0 | D7: =D4-D5 -> 0 | E7: =E4-E5 -> 0 | F7: =F4-F5 -> 0 | G7: =G4-G5 -> 0 | H7: =H4-H5 -> 0 | I7: =I4-I5 -> -1066.17 | ... M7: =M4-M5 -> 0
A8: Solde par mois | B8: =B7 -> 0 | C8: =B8+C7 -> 0 | D8: =C8+D7 -> 0 | E8: =D8+E7 -> 0 | F8: =E8+F7 -> 0 | G8: =F8+G7 -> 0 | H8: =G8+H7 -> 0 | I8: =H8+I7 -> -1066.17 | J8: =I8+J7 -> -566.17 | ... M8: =L8+M7 -> -566.17
A10: X | G10: =SUMIFS(Tableau1[[Revenus]:[Revenus]],Tableau1[[Mois]:[Mois]],'Analyse par mois'!G3,Tableau1[[Qui]:[Qui]],"X")+(SUMIFS(Tableau1[[Dépenses]:[Dépenses]],Tableau1[[Mois]:[Mois]],'Analyse par mois'!G3,Tableau1[[Qui]:[Qui]],"X")) -> 0 | H10: =SUMIFS(Tableau1[[Revenus]:[Revenus]],Tableau1[[Mois]:[Mois]],'Analyse par mois'!H3,Tableau1[[Qui]:[Qui]],"X")+(SUMIFS(Tableau1[[Dépenses]:[Dépenses]],Tableau1[[Mois]:[Mois]],'Analyse par mois'!H3,Tableau1[[Qui]:[Qui]],"X")) -> 0 | I10: =SUMIFS(Tableau1[[Revenus]:[Revenus]],Tableau1[[Mois]:[Mois]],'Analyse par mois'!I3,Tableau1[[Qui]:[Qui]],"X")+(SUMIFS(Tableau1[[Dépenses]:[Dépenses]],Tableau1[[Mois]:[Mois]],'Analyse par mois'!I3,Tableau1[[Qui]:[Qui]],"X")) -> 1000 | J10: =SUMIFS(Tableau1[[Revenus]:[Revenus]],Tableau1[[Mois]:[Mois]],'Analyse par mois'!J3,Tableau1[[Qui]:[Qui]],"X")+(SUMIFS(Tableau1[[Dépenses]:[Dépenses]],Tableau1[[Mois]:[Mois]],'Analyse par mois'!J3,Tableau1[[Qui]:[Qui]],"X")) -> 0 | K10: =SUMIFS(Tableau1[[Revenus]:[Revenus]],Tableau1[[Mois]:[Mois]],'Analyse par mois'!K3,Tableau1[[Qui]:[Qui]],"X")+(SUMIFS(Tableau1[[Dépenses]:[Dépenses]],Tableau1[[Mois]:[Mois]],'Analyse par mois'!K3,Tableau1[[Qui]:[Qui]],"X")) -> 0 | L10: =SUMIFS(Tableau1[[Revenus]:[Revenus]],Tableau1[[Mois]:[Mois]],'Analyse par mois'!L3,Tableau1[[Qui]:[Qui]],"X")+(SUMIFS(Tableau1[[Dépenses]:[Dépenses]],Tableau1[[Mois]:[Mois]],'Analyse par mois'!L3,Tableau1[[Qui]:[Qui]],"X")) -> 0 | M10: =SUMIFS(Tableau1[[Revenus]:[Revenus]],Tableau1[[Mois]:[Mois]],'Analyse par mois'!M3,Tableau1[[Qui]:[Qui]],"X")+(SUMIFS(Tableau1[[Dépenses]:[Dépenses]],Tableau1[[Mois]:[Mois]],'Analyse par mois'!M3,Tableau1[[Qui]:[Qui]],"X")) -> 0 | N10: ='Journal d''enregistrement'!H2 -> 1000
A11: Y | G11: =SUMIFS(Tableau1[[Revenus]:[Revenus]],Tableau1[[Mois]:[Mois]],'Analyse par mois'!G3,Tableau1[[Qui]:[Qui]],"Y")+(SUMIFS(Tableau1[[Dépenses]:[Dépenses]],Tableau1[[Mois]:[Mois]],'Analyse par mois'!G3,Tableau1[[Qui]:[Qui]],"Y")) -> 0 | H11: =SUMIFS(Tableau1[[Revenus]:[Revenus]],Tableau1[[Mois]:[Mois]],'Analyse par mois'!H3,Tableau1[[Qui]:[Qui]],"Y")+(SUMIFS(Tableau1[[Dépenses]:[Dépenses]],Tableau1[[Mois]:[Mois]],'Analyse par mois'!H3,Tableau1[[Qui]:[Qui]],"Y")) -> 0 | I11: =SUMIFS(Tableau1[[Revenus]:[Revenus]],Tableau1[[Mois]:[Mois]],'Analyse par mois'!I3,Tableau1[[Qui]:[Qui]],"Y")+(SUMIFS(Tableau1[[Dépenses]:[Dépenses]],Tableau1[[Mois]:[Mois]],'Analyse par mois'!I3,Tableau1[[Qui]:[Qui]],"Y")) -> 1000 | J11: =SUMIFS(Tableau1[[Revenus]:[Revenus]],Tableau1[[Mois]:[Mois]],'Analyse par mois'!J3,Tableau1[[Qui]:[Qui]],"Y")+(SUMIFS(Tableau1[[Dépenses]:[Dépenses]],Tableau1[[Mois]:[Mois]],'Analyse par mois'!J3,Tableau1[[Qui]:[Qui]],"Y")) -> 500 | K11: =SUMIFS(Tableau1[[Revenus]:[Revenus]],Tableau1[[Mois]:[Mois]],'Analyse par mois'!K3,Tableau1[[Qui]:[Qui]],"Y")+(SUMIFS(Tableau1[[Dépenses]:[Dépenses]],Tableau1[[Mois]:[Mois]],'Analyse par mois'!K3,Tableau1[[Qui]:[Qui]],"Y")) -> 0 | L11: =SUMIFS(Tableau1[[Revenus]:[Revenus]],Tableau1[[Mois]:[Mois]],'Analyse par mois'!L3,Tableau1[[Qui]:[Qui]],"Y")+(SUMIFS(Tableau1[[Dépenses]:[Dépenses]],Tableau1[[Mois]:[Mois]],'Analyse par mois'!L3,Tableau1[[Qui]:[Qui]],"Y")) -> 0 | M11: =SUMIFS(Tableau1[[Revenus]:[Revenus]],Tableau1[[Mois]:[Mois]],'Analyse par mois'!M3,Tableau1[[Qui]:[Qui]],"Y")+(SUMIFS(Tableau1[[Dépenses]:[Dépenses]],Tableau1[[Mois]:[Mois]],'Analyse par mois'!M3,Tableau1[[Qui]:[Qui]],"Y")) -> 0 | N11: ='Journal d''enregistrement'!I2 -> 1500
L13: La couleur doit cette somme à la maison | N13: =N10-N11 -> -500

Sheet Journal d'enregistrement
A1: Journal de suivi des revenus et des dépenses | F1: Cumul revenus | G1: Cumul dépenses | H1: Cumul X | I1: Cumul Y
F2: =SUM(Tableau1[Revenus]) -> 2500 | G2: =SUM(Tableau1[Dépenses]) -> 3066.17 | H2: =(SUMIF(Tableau1[Qui],"X",Tableau1[Revenus]))+(SUMIF(Tableau1[Qui],"X",Tableau1[Dépenses])) -> 1000 | I2: =(SUMIF(Tableau1[Qui],"Y",Tableau1[Revenus]))+(SUMIF(Tableau1[Qui],"Y",Tableau1[Dépenses])) -> 1500
A4: Mois | B4: Date | C4: Catégorie | D4: Description | E4: Qui | F4: Revenus | G4: Dépenses
A6: =IF(Tableau1[Date]="","",PROPER(TEXT(Tableau1[Date],"mmmm")))
A7: =IF(Tableau1[Date]="","",PROPER(TEXT(Tableau1[Date],"mmmm"))) -> Septembre | B7: 45536 | C7: Apports | D7: Y | E7: Y | F7: 500
A8: =IF(Tableau1[Date]="","",PROPER(TEXT(Tableau1[Date],"mmmm"))) -> Août | B8: 45534 | C8: Travaux | D8: dalles PVC cuisine | G8: 399.3
A9: =IF(Tableau1[Date]="","",PROPER(TEXT(Tableau1[Date],"mmmm"))) -> Août | B9: 45534 | C9: Emprunt | G9: 1695.41
A10: =IF(Tableau1[Date]="","",PROPER(TEXT(Tableau1[Date],"mmmm"))) -> Août | B10: 45531 | C10: Apports | D10: X | E10: X | F10: 1000
A11: =IF(Tableau1[Date]="","",PROPER(TEXT(Tableau1[Date],"mmmm"))) -> Août | B11: 45530 | C11: Travaux | D11: dalles PVC salon | G11: 971.46
A12: =IF(Tableau1[Date]="","",PROPER(TEXT(Tableau1[Date],"mmmm"))) -> Août | B12: 45530 | C12: Apports | D12: Y | E12: Y | F12: 1000

Sheet Catégories
C1: Catégories | D1: Détail
C2: Loyer perçus | F2: Qui
C3: Apports | F3: Y
A4: Revenus | C4: Remboursements | F4: X
C5: Report de solde
C6: Assurance PNO
C7: Assurance crédit
C8: Emprunt
C9: SMAE
C10: EDM
A11: Dépenses | C11: Internet
C12: Ameublement
C13: Piscine
C14: Electroménager
C15: Travaux
C16: Frais bancaires
C17: Jardin
